 Dungeon Crawl Stone Soup version 0.22-a0-480-g991dd4b (webtiles) character file.

9298 b5mith the Carver (level 11, 0/111 HPs)
             Began as a Minotaur Berserker on June 15, 2018.
             Was a High Priest of Trog.
             Shot with an arrow by a centaur warrior (8 damage)
             ... on level 9 of the Dungeon.
             The game lasted 00:29:22 (9106 turns).

b5mith the Carver (Minotaur Berserker)              Turns: 9106, Time: 00:29:22

Health: 0/111      AC: 12    Str: 25      XL:     11   Next: 21%
Magic:  10/10      EV: 25    Int:  4      God:    Trog [*****.]
Gold:   289        SH:  0    Dex:  9 (10) Spells: 10/10 levels left

rFire    + . .     SeeInvis .   a - +4 scimitar (slice)
rCold    . . .     Gourm    .   (no shield)
rNeg     . . .     Faith    .   u - +0 scale mail {rPois}
rPois    +         Spirit   .   (helmet restricted)
rElec    .         Reflect  .   h - +0 cloak
rCorr    .         Harm     .   q - +1 pair of gloves
MR       +....     Rnd*Rage +   r - +2 pair of boots
Stlth    ..........             I - amulet of the acrobat
HPRegen  0.28/turn              D - ring of protection from fire
MPRegen  0.12/turn              B - ring of protection from magic

@: drained
A: retaliatory headbutt, horns 2, talons 1, berserk 1, subdued magic 1
a: Berserk, Trog's Hand, Brothers in Arms, Renounce Religion


You were on level 9 of the Dungeon.
You worshipped Trog.
Trog was extremely pleased with you.
You were hungry.

You visited 1 branch of the dungeon, and saw 9 of its levels.

You collected 491 gold pieces.
You spent 202 gold pieces at shops.

Inventory:

Hand Weapons
 a - a +4 scimitar of slicing (weapon)
   (You found it on level 3 of the Dungeon)
 b - a +2 hunting sling of flaming
   (You found it on level 1 of the Dungeon)
 d - a +1 scimitar of flaming
   (You took it off Erica on level 8 of the Dungeon)
 t - a +0 falchion
 A - a +0 flail of draining
   (You took it off an orc on level 4 of the Dungeon)
Missiles
 m - 270 stones (quivered)
 w - 95 sling bullets
 x - 3 javelins
Armour
 h - a +0 cloak (worn)
   (You found it on level 8 of the Dungeon)
 i - a +1 pair of boots of stealth
   (You found it on level 8 of the Dungeon)
 n - a +0 ring mail
   (You found it on level 1 of the Dungeon)
 q - a +1 pair of gloves (worn)
   (You found it on level 2 of the Dungeon)
 r - a +2 pair of boots (worn)
   (You bought it in a shop on level 5 of the Dungeon)
 u - a +0 scale mail of poison resistance (worn)
   (You took it off an orc on level 9 of the Dungeon)
Jewellery
 B - a ring of protection from magic (right hand)
   (You found it on level 4 of the Dungeon)
 D - a ring of protection from fire (left hand)
   (You found it on level 5 of the Dungeon)
 I - an amulet of the acrobat (around neck)
   (You found it on level 5 of the Dungeon)
Wands
 y - a wand of paralysis (1)
   (You found it on level 4 of the Dungeon)
 F - a wand of iceblast (9)
   (You found it on level 5 of the Dungeon)
 H - a wand of acid (13)
   (You found it on level 7 of the Dungeon)
Scrolls
 j - 10 scrolls of teleportation
 k - 3 scrolls of fog
 l - a scroll of enchant weapon
 s - 7 scrolls of identify {@r1}
 K - 2 scrolls of enchant armour
 L - 3 scrolls of remove curse {@r2}
Potions
 e - 2 potions of curing {@q1}
 f - 2 potions of ambrosia {unknown}
 g - a potion of degeneration {unknown}
 o - 4 potions of flight
 p - a potion of invisibility {unknown}
 v - a potion of cancellation {unknown}
 z - a potion of haste
 C - 3 potions of heal wounds {unknown}
 E - a potion of brilliance
 G - a potion of might {unknown}
 J - 2 potions of agility
 M - 2 potions of resistance
 O - a potion of lignification {unknown}
Comestibles
 c - 18 rations
 N - a chunk of flesh


   Skills:
 + Level 14.5(14.2) Fighting
 + Level 14.5(14.2) Long Blades
 - Level 2.4(2.2) Armour
 - Level 2.1(1.9) Dodging


You had 10 spell levels left.
You didn't know any spells.
Your spell library was empty.

Dungeon Overview and Level Annotations

Branches:
Dungeon (9/15)             Temple (0/1) D:7
   Lair: D:8-11         Orc: D:9-12

Altars:
Cheibriados
Dithmenos
Gozag
Hepliaklqana
Sif Muna
Zin

Shops:
D:5 [   D:7 [


Innate Abilities, Weirdness & Mutations

You reflexively headbutt those who attack you in melee.
You have a pair of horns on your head.
You have sharp toenails.
You tend to lose your temper in combat.
Your spells are a little easier to cast, but a little less powerful.


Message History

The orc warrior hits you from afar with a glaive.
* * * LOW HITPOINT WARNING * * *
Fire/throw which item? (* to show all) (? for menu, Esc to quit)
Okay, then.
Evoke which item? (* to show all) (? for menu, Esc to quit)
Aiming: Iceblast
Press: ? - help, Shift-Dir - straight line, f/p - orc warrior
Aim: an orc warrior, wielding a glaive and wearing a chain mail (almost dead, covered in acid)
The mass of ice explodes!
The iceblast engulfs the orc warrior.
You kill the orc warrior!
Trog accepts your kill.
The iceblast engulfs the orc.
You kill the orc!
Trog accepts your kill.
The orc priest looks satisfied for a moment.
You recover from your berserk rage.
A worker ant comes into view.
The worker ant twitches its antennae in your direction.
Things that are here:
a short sword; 2 stones; an orc corpse An ogre comes into view.
It is wielding a giant club.
The worker ant barely misses you.
You riposte.
You hit the worker ant.
The worker ant is lightly wounded.
Things that are here:
a hand axe; a leather armour; 2 stones You hit the worker ant but do no damage.
The worker ant is lightly wounded.
The worker ant bites you but does no damage.
You slash the worker ant!
The worker ant is almost dead.
The worker ant bites you but does no damage.
You slash the worker ant!
You kill the worker ant!
Trog accepts your kill.
You slice the ogre!!
The ogre is severely wounded.
The ogre closely misses you. You furiously retaliate!
You headbutt the ogre.
You riposte.
You slash the ogre!
You kill the ogre!
Trog accepts your kill.
Items here: ( ) †† a giant club; 3 stones; an ogre corpse; a worker ant corpse A centaur warrior comes into view.
The centaur warrior shouts!
The centaur warrior wields a shortbow.
The centaur warrior shoots an arrow.
The arrow hits you!
* * * LOW HITPOINT WARNING * * *
Items here: (( )))) [[[[ †† The centaur warrior shoots an arrow.
The arrow hits you!
You die...

.# #..≈...........# #.# ##
###########....# #.#
##8###.##....# #.#
.#...#...#########.###.#
.......................#
..............o....########
.........o######...........
.#...#...#))####...........
## ##.##)(@.(....(≈≈≈≈≈..
####.)####..≈≈≈≈≈≈≈..
.c...# #.≈≈≈≈≈≈≈≈..
.......# #...≈≈≈≈....
#........ #...........
###.....#. #...........
...##'##. #.......... ...
#.# ##.........


You could see a centaur warrior and an orc priest.

Vanquished Creatures
  Erica (D:8)
  2 two-headed ogres (D:8)
  The ghost of Caerwyn the Insei, a novice GnTm of Okawaru (D:7)
  Pikel (D:5)
  A troll (D:9)
  A hippogriff (D:7)
  Sigmund (D:2)
  3 fire bats (D:8)
  2 fire elementals (D:8)
  A hell hound (D:8)
  5 sky beasts
  2 ice beasts
  9 orc warriors
  A hornet zombie (D:8)
  10 ogres
  2 big kobolds (D:8)
  3 bullfrogs
  12 killer bees (D:9)
  A howler monkey (D:5)
  4 crimson imps
  A jelly (D:5)
  2 quasits
  13 orc priests
  A centaur skeleton (D:6)
  5 hounds
  16 orc wizards
  A bullfrog skeleton (D:6)
  3 iguanas
  7 worker ants
  A hound skeleton (D:9)
  A hound zombie (D:9)
  2 worker ant zombies
  7 adders
  A shadow imp (D:8)
  An adder zombie (D:5)
  An adder skeleton (D:4)
  A worm (D:5)
  4 dart slugs
  4 leopard geckos
  42 orcs
  3 ball pythons
  8 bats
  5 giant cockroaches
  5 goblins
  6 hobgoblins
  6 jackals
  16 kobolds
  5 quokkas
  4 frilled lizards
  A quokka zombie (D:6)
  11 rats
247 creatures vanquished.

Vanquished Creatures (others)
  A slave (D:5)
  A quasit (D:5)
  A worker ant (D:5)
  A shadow imp (D:5)
  A leopard gecko zombie (D:5)
5 creatures vanquished.

Grand Total: 252 creatures vanquished

Notes
Turn   | Place    | Note
-------+----------+-------------------------------------------
     0 | D:1      | b5mith the Minotaur Berserker began the quest for the Orb.
     0 | D:1      | Reached XP level 1. HP: 19/19 MP: 0/0
   156 | D:1      | Reached XP level 2. HP: 20/27 MP: 1/1
   941 | D:2      | Reached XP level 3. HP: 33/34 MP: 2/2
   952 | D:2      | Reached ** piety under Trog
  1039 | D:2      | Noticed Sigmund
  1046 | D:2      | Killed Sigmund
  1046 | D:2      | Reached skill level 5 in Fighting
  1046 | D:2      | Reached skill level 5 in Long Blades
  1046 | D:2      | Reached XP level 4. HP: 44/44 MP: 3/3
  1046 | D:2      | Reached XP level 5. HP: 50/50 MP: 4/4
  1132 | D:2      | Found a deep blue altar of Sif Muna.
  1661 | D:3      | Found a faded altar of an unknown god.
  1898 | D:3      | Found a glowing silver altar of Zin.
  1898 | D:3      | Found a shadowy altar of Dithmenos.
  2524 | D:4      | Reached XP level 6. HP: 57/57 MP: 5/5
  2668 | D:4      | Reached *** piety under Trog
  2993 | D:4      | Reached XP level 7. HP: 39/66 MP: 6/6
  3297 | D:5      | Entered Level 5 of the Dungeon
  3631 | D:5      | Noticed Pikel
  3647 | D:5      | Killed Pikel
  3647 | D:5      | Reached XP level 8. HP: 78/78 MP: 7/7
  3942 | D:5      | Found Qibal's Antique Armour Emporium.
  3948 | D:5      | Bought a pair of glowing boots for 202 gold pieces
  4143 | D:5      | Found a snail-covered altar of Cheibriados.
  4260 | D:6      | Reached skill level 10 in Fighting
  4260 | D:6      | Reached skill level 10 in Long Blades
  4262 | D:6      | Reached **** piety under Trog
  4622 | D:6      | Reached XP level 9. HP: 86/86 MP: 8/8
  4677 | D:6      | Gained mutation: Your system is resistant to poisons. (rPois) [potion of mutation]
  4677 | D:6      | Gained mutation: Your mind is acute. (Int +2) [potion of mutation]
  4677 | D:6      | Gained mutation: You are frail. (-10% HP) [potion of mutation]
  4677 | D:6      | Gained mutation: Your mind is very acute. (Int +4) [potion of mutation]
  4911 | D:7      | Found Ynarho's Antique Armour Shoppe.
  4992 | D:7      | Found an opulent altar of Gozag.
  5299 | D:7      | Found a staircase to the Ecumenical Temple.
  5357 | D:7      | Noticed Caerwyn's ghost (novice GnTm)
  5373 | D:7      | Killed Caerwyn's ghost
  5755 | D:7      | Lost mutation: You are frail. (-10% HP) [potion of mutation]
  5755 | D:7      | Lost mutation: Your mind is very acute. (Int +4) [potion of mutation]
  5755 | D:7      | Lost mutation: Your mind is acute. (Int +2) [potion of mutation]
  5755 | D:7      | Lost mutation: Your system is resistant to poisons. (rPois) [potion of mutation]
  5755 | D:7      | Gained mutation: You tend to lose your temper in combat. [potion of mutation]
  5755 | D:7      | Gained mutation: Your spells are a little easier to cast, but a little less powerful. [potion of mutation]
  5755 | D:7      | Gained mutation: You have sharp toenails. [potion of mutation]
  5946 | D:8      | Noticed a two-headed ogre
  5957 | D:8      | Killed a two-headed ogre
  5957 | D:8      | Reached XP level 10. HP: 54/99 MP: 9/9
  6224 | D:8      | Found a transporter.
  6229 | D:8      | Noticed a two-headed ogre
  6243 | D:8      | Killed a two-headed ogre
  7436 | D:8      | Got a shimmering war axe
  7437 | D:8      | Identified the cursed +3 war axe "Spiderslayer" {chop, *Drain rElec MR+} (You found it on level 8 of the Dungeon)
  7545 | D:8      | Reached ***** piety under Trog
  7575 | D:8      | Noticed Erica
  7598 | D:8      | Killed Erica
  7721 | D:8      | Found a transporter.
  8359 | D:9      | Reached XP level 11. HP: 101/110 MP: 10/10
  8836 | D:9      | Found a hazy altar of Hepliaklqana.
  9105 | D:9      | Noticed a centaur warrior
  9106 | D:9      | Shot with an arrow by a centaur warrior

Vault maps used:
D:1:      onia_arrival_mini_spirals
D:2:      old_standard_altar, dk_vineyard_3, roderic_roman_lattice, uniq_sigmund
D:3:      gammafunk_temple_overflow_wave, chequers_ecumenical_altar_island,
          serial_bayou_pond_e, small_statue_intersection
D:4:      minmay_misc_feat_secret_circle, kennysheep_generic_room_4
D:5:      slow_altar_2, first_ration, serial_shops, shop, uniq_pikel
D:6:      hex_large
D:7:      grunt_gozag_breadcrumbs, minmay_temple_entry_glassed_door,
          serial_shops, nicolae_shop_stone
D:8:      gammafunk_cloud_chamber, uniq_erica
D:9:      old_standard_altar, david_orc_4

Skill      XL: |  1  2  3  4  5  6  7  8  9 10 |
---------------+-------------------------------+-----
Fighting       | 4 5 6 7 9 10 12 14 | 14.5
Long Blades    | 4 5 6 7 9 10 12 14 | 14.5
Armour         | |  2.4
Dodging        | |  2.1

Action                   |  1- 3 |  4- 6 |  7- 9 | 10-12 || total
-------------------------+-------+-------+-------+-------++-------
Melee: Falchion          |    24 |    49 |       |       ||    73
       Headbutt          |     4 |    13 |    23 |    19 ||    59
       Scimitar          |       |    43 |   165 |   161 ||   369
 Fire: Hunting sling     |    36 |     1 |    34 |   129 ||   200
Invok: Berserk           |       |       |     2 |     2 ||     4
Evoke: Wand              |       |     1 |     2 |     7 ||    10
  Use: Scroll            |       |     2 |     7 |     3 ||    12
       Potion            |       |       |     4 |     1 ||     5
 Stab: Paralysed         |       |     1 |     3 |       ||     4
  Eat: Chunk             |       |     3 |    10 |     9 ||    22
       Ration            |       |     1 |       |     1 ||     2
Armor: Animal skin       |     6 |       |       |       ||     6
       Ring mail         |     4 |    18 |    53 |    57 ||   132
       Scale mail        |       |       |       |    25 ||    25
Dodge: Dodged            |    23 |    44 |    68 |   137 ||   272
       Rpst.: Falchion   |     4 |     4 |       |       ||     8
       Scimitar          |       |     4 |    20 |    27 ||    51

Table legend:
 A = Spawn XP
 B = Non-spawn XP
 C = Spawn XP percentage of total XP
 D = Spawn monster count
 E = Non-spawn monster count
 F = Spawn count percentage of total count
 G = Total turns spent on level
                    A         B        C        D         E        F      G
               +---------+---------+-------+---------+---------+-------+---------
         Total |       0 |   13284 |   0.0 |       0 |     247 |   0.0 |  9106
               +---------+---------+-------+---------+---------+-------+---------
           D:1 |       0 |      40 |   0.0 |       0 |      23 |   0.0 |   918
           D:2 |       0 |     294 |   0.0 |       0 |      26 |   0.0 |   737
           D:3 |       0 |      22 |   0.0 |       0 |      10 |   0.0 |   809
           D:4 |       0 |     414 |   0.0 |       0 |      20 |   0.0 |   833
           D:5 |       0 |    1208 |   0.0 |       0 |      22 |   0.0 |   911
           D:6 |       0 |    1065 |   0.0 |       0 |      28 |   0.0 |   654
           D:7 |       0 |    1755 |   0.0 |       0 |      15 |   0.0 |  1063
           D:8 |       0 |    5566 |   0.0 |       0 |      48 |   0.0 |  2403
           D:9 |       0 |    2920 |   0.0 |       0 |      55 |   0.0 |   778
               +---------+---------+-------+---------+---------+-------+---------
